General information
- name: BNet
- type: Ladder team game (AT/RT)
- host: Battle.net
- saver: FriendlyTyler
map: SilverpineForest
- players: 6
- length: 70:04
- speed: Fast
- version: 1.26 W3XP
- replay type:

» download(484 KB)
Players
team 1 (winner)
BetUWishUNoSrch (
yellow | 90 APM | 6273 actions | 70:03)
10 Warden
3 Shadow Strike
3 Blink
1 Spirit of Vengeance
3 Fan of Knives
» actions
| Assign group hotkey | 3 | |
| Basic commands | 78 | |
| Build / train | 69 | |
| ESC pressed | 16 | |
| Enter build submenu | 55 | |
| Enter hero's abilities submenu | 10 | |
| Give item / drop item | 9 | |
| Right click | 4158 | |
| Select / deselect | 384 | |
| Select group hotkey | 566 | |
| Use ability | 918 | |
6273 total
» units
» upgrades
| Ultravision | 1 | |
| Nature's Blessing | 1 | |
| Well Spring | 1 | |
3 total
» buildings
| Altar of Elders | 4 | |
| Moon Well | 49 | |
| Tree of Life | 2 | |
| Tree of Ages | 1 | |
| Hunter's Hall | 1 | |
| Tree of Eternity | 1 | |
| Ancient of Wonders | 1 | |
59 total
» build order
00:09 Altar of Elders
00:10 Moon Well
01:11 Moon Well
04:05 Tree of Life
04:10 Moon Well
04:12 Moon Well
05:07 Tree of Ages
05:09 Hunter's Hall
05:44 Moon Well
05:48 Moon Well
08:36 Tree of Eternity
09:09 Moon Well
09:12 Moon Well
09:17 Moon Well
09:18 Moon Well
11:01 Ancient of Wonders
14:32 Moon Well
14:34 Moon Well
14:35 Moon Well
14:36 Moon Well
14:37 Moon Well
19:28 Moon Well
19:29 Moon Well
19:29 Moon Well
19:30 Moon Well
19:35 Moon Well
19:36 Moon Well
19:37 Moon Well
19:39 Moon Well
19:48 Moon Well
19:49 Moon Well
21:44 Moon Well
21:45 Moon Well
21:48 Moon Well
21:50 Moon Well
27:02 Moon Well
27:02 Moon Well
27:06 Moon Well
27:26 Moon Well
27:27 Moon Well
27:28 Moon Well
27:29 Moon Well
29:11 Moon Well
30:07 Moon Well
30:07 Moon Well
31:29 Moon Well
31:30 Moon Well
31:35 Moon Well
31:38 Moon Well
33:11 Moon Well
33:12 Moon Well
36:01 Tree of Life
56:48 Altar of Elders
56:53 Altar of Elders
57:28 Altar of Elders
58:57 Moon Well
59:09 Moon Well
» items
| Staff of Teleportation | 1 | |
| Boots of Speed | 1 | |
| Orb of Venom | 1 | |
| Scroll of Regeneration | 2 | |
| Potion of Healing | 2 | |
| Lesser Clarity Potion | 1 | |
| Replenishment Potion | 1 | |
| Pendant of Mana | 1 | |
| Circlet of Nobility | 4 | |
| Hood of Cunning | 1 | |
| Helm of Valor | 1 | |
16 total
FriendlyTyler (
purple | 106 APM | 7452 actions | 70:03)
10 Blademaster
3 Wind Walk
3 Critical Strike
1 Bladestorm
3 Mirror Image
» actions
| Assign group hotkey | 17 | |
| Basic commands | 50 | |
| Build / train | 109 | |
| Enter build submenu | 80 | |
| Enter hero's abilities submenu | 10 | |
| Give item / drop item | 11 | |
| Right click | 5106 | |
| Select / deselect | 660 | |
| Select group hotkey | 875 | |
| Use ability | 532 | |
7452 total
» units
| Peon | 11 | |
| Troll Batrider | 29 | |
| Goblin Zeppelin | 1 | |
| Demolisher | 13 | |
54 total
» upgrades
| Liquid Fire | 1 | |
| Ranged Weapons | 3 | |
| Armor | 3 | |
| Burning Oil | 1 | |
8 total
» buildings
| Altar of Storms | 1 | |
| Orc Burrow | 9 | |
| War Mill | 1 | |
| Voodoo Lounge | 3 | |
| Watch Tower | 61 | |
| Stronghold | 1 | |
| Beastiary | 2 | |
| Fortress | 1 | |
| Great Hall | 3 | |
| Barracks | 4 | |
86 total
» build order
00:10 Altar of Storms
00:20 Orc Burrow
00:52 War Mill
01:03 Voodoo Lounge
02:51 Watch Tower
02:52 Watch Tower
03:20 Stronghold
03:33 Watch Tower
03:36 Watch Tower
03:40 Orc Burrow
04:52 Watch Tower
04:54 Watch Tower
05:58 Beastiary
06:00 Beastiary
07:12 Watch Tower
07:13 Watch Tower
07:17 Orc Burrow
07:18 Orc Burrow
07:21 Orc Burrow
07:36 Fortress
08:41 Watch Tower
08:42 Watch Tower
09:45 Watch Tower
10:22 Voodoo Lounge
10:56 Watch Tower
11:58 Watch Tower
12:00 Watch Tower
13:02 Voodoo Lounge
13:39 Watch Tower
15:42 Watch Tower
16:35 Great Hall
16:48 Watch Tower
16:51 Watch Tower
16:52 Watch Tower
16:53 Watch Tower
17:12 Watch Tower
17:13 Watch Tower
18:38 Watch Tower
18:39 Watch Tower
18:40 Watch Tower
18:40 Watch Tower
18:41 Watch Tower
18:42 Watch Tower
18:42 Watch Tower
19:50 Great Hall
19:56 Watch Tower
19:57 Watch Tower
19:58 Watch Tower
19:58 Watch Tower
19:59 Watch Tower
20:36 Great Hall
20:41 Watch Tower
20:41 Watch Tower
20:42 Watch Tower
20:42 Watch Tower
20:44 Watch Tower
20:50 Watch Tower
21:08 Watch Tower
21:38 Watch Tower
21:41 Watch Tower
21:43 Watch Tower
21:46 Watch Tower
21:57 Watch Tower
23:20 Watch Tower
23:20 Watch Tower
23:20 Watch Tower
27:01 Watch Tower
27:02 Watch Tower
27:02 Watch Tower
27:03 Watch Tower
32:04 Watch Tower
32:05 Watch Tower
32:05 Watch Tower
32:05 Watch Tower
51:18 Barracks
51:19 Barracks
51:20 Barracks
51:21 Barracks
51:23 Orc Burrow
51:23 Orc Burrow
51:25 Orc Burrow
51:26 Orc Burrow
53:07 Watch Tower
53:08 Watch Tower
53:09 Watch Tower
53:09 Watch Tower
» items
| Lesser Clarity Potion | 11 | |
| Healing Salve | 7 | |
| Boots of Speed | 1 | |
| Staff of Teleportation | 1 | |
| Orb of Lightning | 1 | |
| Potion of Healing | 3 | |
| Potion of Mana | 1 | |
| Helm of Valor | 1 | |
| Amulet of Spell Shield | 1 | |
| Claws of Attack +12 | 3 | |
| Staff of Sanctuary | 1 | |
31 total
Ms.Strzelecki (
green | 116 APM | 8119 actions | 70:03)
8 Archmage
3 Blizzard
3 Brilliance Aura
1 Mass Teleport
1 Summon Water Elemental
7 Blood Mage
3 Flame Strike
3 Siphon Mana
1 Banish
7 Pit Lord
3 Rain of Fire
3 Cleaving Attack
1 Doom
» actions
| Assign group hotkey | 577 | |
| Basic commands | 12 | |
| Build / train | 177 | |
| Enter build submenu | 133 | |
| Enter hero's abilities submenu | 24 | |
| Give item / drop item | 23 | |
| Remove unit from queue | 2 | |
| Right click | 3892 | |
| Select / deselect | 660 | |
| Select group hotkey | 2116 | |
| Use ability | 503 | |
8119 total
» units
| Peasant | 24 | |
| Sorceress | 1 | |
| Priest | 1 | |
26 total
» upgrades
| Masonry | 3 | |
| Lumber Harvesting | 2 | |
| Magic Sentry | 1 | |
| Sorceress Training | 2 | |
| Priest Training | 2 | |
10 total
» buildings
| Altar of Kings | 1 | |
| Farm | 5 | |
| Lumber Mill | 1 | |
| Scout Tower | 128 | |
| Arcane Tower | 13 | |
| Guard Tower | 67 | |
| Keep | 1 | |
| Arcane Sanctum | 1 | |
| Arcane Vault | 5 | |
| Castle | 1 | |
| Town Hall | 1 | |
224 total
» build order
00:18 Altar of Kings
00:34 Farm
00:51 Lumber Mill
01:05 Farm
01:21 Scout Tower
01:25 Scout Tower
01:40 Farm
01:47 Scout Tower
01:51 Arcane Tower
01:52 Scout Tower
02:10 Scout Tower
02:19 Guard Tower
02:23 Scout Tower
02:34 Scout Tower
02:46 Arcane Tower
02:47 Guard Tower
02:48 Scout Tower
02:49 Scout Tower
03:20 Scout Tower
03:21 Guard Tower
03:57 Scout Tower
03:58 Guard Tower
03:59 Scout Tower
04:00 Guard Tower
04:04 Keep
04:09 Farm
04:26 Scout Tower
04:27 Arcane Tower
04:35 Guard Tower
04:37 Scout Tower
05:07 Scout Tower
05:08 Scout Tower
05:26 Guard Tower
05:32 Scout Tower
05:33 Scout Tower
05:58 Guard Tower
06:00 Guard Tower
06:02 Scout Tower
06:23 Scout Tower
06:27 Guard Tower
06:29 Arcane Sanctum
06:44 Scout Tower
06:45 Scout Tower
06:56 Arcane Vault
07:02 Guard Tower
07:02 Guard Tower
07:02 Guard Tower
07:42 Castle
07:56 Scout Tower
07:57 Scout Tower
09:08 Guard Tower
09:09 Scout Tower
09:09 Scout Tower
09:25 Scout Tower
09:39 Scout Tower
09:39 Scout Tower
09:40 Scout Tower
09:43 Scout Tower
09:43 Scout Tower
09:44 Scout Tower
09:57 Guard Tower
10:01 Farm
10:02 Guard Tower
10:04 Scout Tower
10:05 Scout Tower
10:15 Guard Tower
10:20 Scout Tower
10:47 Guard Tower
11:05 Guard Tower
11:08 Scout Tower
11:44 Scout Tower
11:48 Scout Tower
11:49 Arcane Tower
11:49 Arcane Tower
11:50 Arcane Tower
11:57 Guard Tower
12:10 Town Hall
12:12 Guard Tower
12:14 Scout Tower
12:15 Scout Tower
12:16 Scout Tower
12:17 Guard Tower
12:21 Scout Tower
12:25 Scout Tower
12:26 Scout Tower
12:37 Scout Tower
12:39 Arcane Vault
12:43 Scout Tower
12:51 Guard Tower
13:12 Scout Tower
13:14 Scout Tower
13:32 Arcane Tower
13:43 Guard Tower
13:44 Guard Tower
13:47 Guard Tower
14:10 Scout Tower
14:29 Scout Tower
14:40 Scout Tower
15:10 Guard Tower
15:11 Scout Tower
15:16 Guard Tower
15:19 Scout Tower
15:20 Scout Tower
15:30 Scout Tower
15:32 Scout Tower
15:35 Scout Tower
15:35 Scout Tower
15:36 Scout Tower
16:02 Arcane Tower
16:03 Arcane Tower
16:09 Scout Tower
16:10 Scout Tower
16:11 Scout Tower
16:11 Scout Tower
16:13 Guard Tower
16:16 Arcane Vault
16:18 Scout Tower
16:19 Scout Tower
16:22 Arcane Vault
16:23 Guard Tower
16:31 Guard Tower
16:37 Scout Tower
16:58 Guard Tower
16:59 Scout Tower
17:00 Scout Tower
17:07 Guard Tower
17:09 Scout Tower
17:09 Scout Tower
17:56 Scout Tower
18:17 Guard Tower
18:24 Scout Tower
18:25 Scout Tower
18:48 Guard Tower
18:51 Scout Tower
18:52 Scout Tower
18:52 Scout Tower
18:53 Scout Tower
18:57 Scout Tower
18:58 Scout Tower
18:59 Scout Tower
19:19 Guard Tower
19:33 Guard Tower
19:37 Guard Tower
19:37 Guard Tower
19:51 Scout Tower
19:52 Scout Tower
20:18 Guard Tower
20:31 Guard Tower
20:33 Scout Tower
20:33 Scout Tower
20:34 Scout Tower
20:38 Guard Tower
20:40 Scout Tower
20:41 Scout Tower
20:41 Scout Tower
20:46 Guard Tower
20:49 Scout Tower
21:21 Guard Tower
21:33 Guard Tower
21:50 Scout Tower
22:10 Guard Tower
22:30 Guard Tower
24:13 Scout Tower
24:15 Scout Tower
24:52 Guard Tower
26:15 Scout Tower
26:16 Scout Tower
26:20 Scout Tower
26:21 Scout Tower
26:50 Scout Tower
26:50 Scout Tower
26:52 Guard Tower
27:33 Guard Tower
27:35 Scout Tower
27:37 Guard Tower
27:39 Scout Tower
27:40 Scout Tower
27:41 Scout Tower
27:54 Guard Tower
27:55 Scout Tower
27:56 Scout Tower
30:12 Scout Tower
30:13 Guard Tower
30:16 Guard Tower
30:17 Scout Tower
30:18 Arcane Vault
30:20 Guard Tower
30:20 Scout Tower
30:21 Scout Tower
30:50 Scout Tower
30:51 Scout Tower
30:52 Scout Tower
30:54 Arcane Tower
31:23 Guard Tower
31:25 Scout Tower
31:35 Arcane Tower
31:49 Scout Tower
31:50 Scout Tower
31:51 Guard Tower
31:52 Scout Tower
31:53 Scout Tower
31:54 Guard Tower
31:54 Guard Tower
31:56 Guard Tower
31:58 Scout Tower
35:01 Guard Tower
35:58 Guard Tower
36:03 Guard Tower
38:32 Scout Tower
38:33 Scout Tower
38:34 Scout Tower
38:35 Scout Tower
38:36 Scout Tower
38:37 Scout Tower
38:38 Scout Tower
38:38 Scout Tower
38:39 Scout Tower
40:38 Guard Tower
40:42 Scout Tower
41:18 Guard Tower
» items
| Boots of Speed | 3 | |
| Staff of Teleportation | 3 | |
| Lesser Clarity Potion | 2 | |
| Staff of Sanctuary | 3 | |
| Scroll of Town Portal | 4 | |
| Orb of Lightning | 2 | |
| Orb of Venom | 1 | |
| Scroll of Regeneration | 2 | |
| Pendant of Energy | 1 | |
| Cloak of Shadows | 2 | |
| Warsong Battle Drums | 1 | |
| Pendant of Mana | 1 | |
| Ancient Janggo of Endurance | 1 | |
| Khadgar's Gem of Health | 3 | |
| Legion Doom-Horn | 1 | |
| Slippers of Agility +3 | 1 | |
| Mantle of Intelligence +3 | 1 | |
32 total
team 2 (loser)
NeoDeesse (
red | 63 APM | 4404 actions | 70:03)
5 Shadow Hunter
2 Hex
3 Healing Wave
3 Tauren Chieftain
2 Endurance Aura
1 War Stomp
» actions
| Assign group hotkey | 112 | |
| Basic commands | 16 | |
| Build / train | 138 | |
| ESC pressed | 10 | |
| Enter build submenu | 42 | |
| Enter hero's abilities submenu | 8 | |
| Give item / drop item | 1 | |
| Right click | 1632 | |
| Select / deselect | 710 | |
| Select group hotkey | 1546 | |
| Use ability | 189 | |
4404 total
» units
| Peon | 19 | |
| Grunt | 11 | |
| Demolisher | 8 | |
| Troll Witch Doctor | 6 | |
| Raider | 9 | |
| Troll Batrider | 19 | |
| Spirit Walker | 1 | |
| Shaman | 6 | |
| Tauren | 2 | |
81 total
» upgrades
| Melee Weapons | 2 | |
| Armor | 1 | |
| Berserker Strength | 1 | |
| Pillage | 1 | |
| Ensnare | 1 | |
| Witch Doctor Training | 2 | |
| Ranged Weapons | 3 | |
| Liquid Fire | 1 | |
| Shaman Training | 2 | |
| Burning Oil | 1 | |
| Spiked Barricades | 3 | |
| Reinforced Defenses | 1 | |
19 total
» buildings
| Altar of Storms | 1 | |
| Orc Burrow | 8 | |
| Barracks | 2 | |
| Voodoo Lounge | 1 | |
| War Mill | 1 | |
| Stronghold | 1 | |
| Spirit Lodge | 1 | |
| Great Hall | 1 | |
| Beastiary | 3 | |
| Fortress | 1 | |
| Tauren Totem | 1 | |
| Watch Tower | 19 | |
| Arcane Tower | 4 | |
44 total
» build order
00:09 Altar of Storms
00:13 Orc Burrow
00:39 Barracks
01:34 Orc Burrow
02:05 Barracks
02:30 Voodoo Lounge
02:51 War Mill
04:57 Orc Burrow
04:58 Stronghold
05:10 Orc Burrow
09:43 Spirit Lodge
10:21 Great Hall
10:55 Beastiary
12:16 Orc Burrow
14:36 Fortress
14:42 Beastiary
16:33 Orc Burrow
19:49 Orc Burrow
19:52 Orc Burrow
25:21 Tauren Totem
27:17 Beastiary
49:04 Watch Tower
49:21 Watch Tower
50:10 Watch Tower
50:12 Arcane Tower
50:13 Arcane Tower
50:39 Watch Tower
51:18 Watch Tower
51:50 Watch Tower
52:24 Arcane Tower
52:35 Watch Tower
52:41 Arcane Tower
52:56 Watch Tower
53:01 Watch Tower
53:10 Watch Tower
53:39 Watch Tower
54:07 Watch Tower
54:11 Watch Tower
54:32 Watch Tower
55:09 Watch Tower
55:13 Watch Tower
55:16 Watch Tower
55:56 Watch Tower
56:49 Watch Tower
» items
| Scroll of Town Portal | 2 | |
| Healing Salve | 1 | |
| Lesser Clarity Potion | 2 | |
| Potion of Healing | 3 | |
| Orb of Lightning | 2 | |
| Potion of Mana | 2 | |
| Scroll of Regeneration | 1 | |
| Orb of Fire | 2 | |
| Ivory Tower | 7 | |
22 total
NeoMatthieu (
teal | 58 APM | 4090 actions | 70:03)
3 Archmage
1 Summon Water Elemental
2 Brilliance Aura
4 Mountain King
2 Storm Bolt
2 Bash
» actions
| Assign group hotkey | 125 | |
| Basic commands | 27 | |
| Build / train | 135 | |
| Enter build submenu | 40 | |
| Enter hero's abilities submenu | 8 | |
| Give item / drop item | 1 | |
| Remove unit from queue | 7 | |
| Right click | 1635 | |
| Select / deselect | 1122 | |
| Select group hotkey | 812 | |
| Use ability | 178 | |
4090 total
» units
| Peasant | 26 | |
| Footman | 7 | |
| Mortar Team | 9 | |
| Flying Machine | 13 | |
| Siege Engine | 25 | |
80 total
» upgrades
| Gunpowder | 3 | |
| Masonry | 3 | |
| Lumber Harvesting | 2 | |
| Armor | 1 | |
| Flare | 1 | |
| Plating | 3 | |
| Flying Machine Bombs | 1 | |
| Flak Cannons | 1 | |
| Barrage | 1 | |
16 total
» buildings
| Altar of Kings | 1 | |
| Barracks | 1 | |
| Farm | 14 | |
| Keep | 1 | |
| Lumber Mill | 1 | |
| Blacksmith | 1 | |
| Scout Tower | 7 | |
| Workshop | 3 | |
| Arcane Tower | 3 | |
| Arcane Vault | 2 | |
| Castle | 1 | |
| Town Hall | 5 | |
| Guard Tower | 4 | |
| Cannon Tower | 2 | |
46 total
» build order
00:10 Altar of Kings
00:13 Barracks
00:36 Farm
01:12 Farm
01:43 Farm
04:12 Keep
04:15 Lumber Mill
04:17 Blacksmith
04:21 Farm
09:11 Scout Tower
09:38 Workshop
09:42 Arcane Tower
09:45 Workshop
10:23 Scout Tower
12:05 Farm
12:09 Arcane Tower
14:33 Arcane Vault
14:53 Farm
15:02 Farm
16:36 Farm
18:10 Castle
24:18 Town Hall
28:21 Scout Tower
31:11 Farm
31:14 Farm
32:14 Workshop
32:18 Farm
33:14 Farm
36:16 Arcane Tower
38:10 Farm
38:13 Farm
52:15 Arcane Vault
52:51 Guard Tower
53:19 Scout Tower
53:22 Scout Tower
54:14 Cannon Tower
54:40 Scout Tower
55:08 Guard Tower
55:11 Guard Tower
55:18 Cannon Tower
55:21 Scout Tower
55:53 Guard Tower
62:01 Town Hall
62:39 Town Hall
64:31 Town Hall
66:57 Town Hall
» items
| Scroll of Town Portal | 2 | |
| Potion of Healing | 2 | |
| Ivory Tower | 7 | |
11 total
The.EmperoR (
pink | 51 APM | 2579 actions | 50:50)
5 Demon Hunter
3 Mana Burn
2 Evasion
3 Keeper of the Grove
2 Entangling Roots
1 Force of Nature
1 Priestess of the Moon
1 Trueshot Aura
» actions
| Assign group hotkey | 10 | |
| Basic commands | 34 | |
| Build / train | 139 | |
| ESC pressed | 4 | |
| Enter build submenu | 26 | |
| Enter hero's abilities submenu | 9 | |
| Right click | 1745 | |
| Select / deselect | 487 | |
| Select group hotkey | 12 | |
| Use ability | 113 | |
2579 total
» units
| Wisp | 28 | |
| Huntress | 27 | |
| Hippogryph | 7 | |
| Chimaera | 18 | |
| Druid of the Claw | 10 | |
| Dryad | 2 | |
92 total
» upgrades
| Strength of the Moon | 3 | |
| Moon Armor | 4 | |
| Ultravision | 1 | |
| Upgrade Moon Glaive | 1 | |
| Corrosive Breath | 2 | |
| Strength of the Wild | 2 | |
| Reinforced Hides | 2 | |
| Druid of the Claw Training | 3 | |
| Mark of the Claw | 1 | |
| Well Spring | 1 | |
| Abolish Magic | 1 | |
21 total
» buildings
| Altar of Elders | 1 | |
| Moon Well | 6 | |
| Ancient of War | 2 | |
| Hunter's Hall | 1 | |
| Ancient Protector | 6 | |
| Tree of Ages | 1 | |
| Ancient of Wonders | 2 | |
| Tree of Eternity | 1 | |
| Tree of Life | 1 | |
| Ancient of Wind | 1 | |
| Chimaera Roost | 2 | |
| Ancient of Lore | 2 | |
26 total
» build order
00:09 Altar of Elders
00:20 Moon Well
01:24 Ancient of War
01:47 Hunter's Hall
02:01 Moon Well
03:24 Ancient Protector
04:24 Tree of Ages
04:30 Ancient Protector
04:34 Moon Well
04:37 Moon Well
05:37 Ancient of War
09:48 Ancient of Wonders
09:54 Ancient of Wonders
15:06 Tree of Eternity
18:35 Tree of Life
20:47 Ancient Protector
24:50 Ancient of Wind
26:14 Chimaera Roost
26:18 Chimaera Roost
26:34 Ancient Protector
26:41 Ancient Protector
26:59 Moon Well
27:03 Moon Well
27:12 Ancient Protector
36:03 Ancient of Lore
36:08 Ancient of Lore
» items
| Potion of Healing | 5 | |
| Dust of Appearance | 3 | |
| Orb of Venom | 1 | |
| Scroll of Town Portal | 1 | |
| Staff of Preservation | 1 | |
| Potion of Lesser Invulnerability | 1 | |
12 total
Chat log
(00:04 / All) Ms.Strzelecki: no we already went
(00:05 / All) BetUWishUNoSrch: rego???
(00:14 / All) The.EmperoR: ';..;'
(00:40 / All) FriendlyTyler: hold on
(00:41 / All) BetUWishUNoSrch: oui hot dog pizza....oui hot dog pizza.... NON HAMBURGER PIZZA!!
(00:42 / All) NeoMatthieu: LITTLE BIT BORRING NOW ยง
(00:55 / All) BetUWishUNoSrch: pls
(00:56 / All) BetUWishUNoSrch: hold on
(00:58 / All) BetUWishUNoSrch: i click pause
(01:01 / All) BetUWishUNoSrch: 1 sec yes ?
(01:15 / All) Ms.Strzelecki: we can save it or something
(01:18 / All) BetUWishUNoSrch: pls
(01:19 / All) BetUWishUNoSrch: pls
(01:21 / All) Ms.Strzelecki: hey
(01:23 / All) FriendlyTyler: this is a tough situation
(01:40 / All) BetUWishUNoSrch: ok i go to pizza place.
(01:52 / All) BetUWishUNoSrch: he gives me a SLICE OF PIZZA IN A HOT DOG BUN!
(06:25 / All) Ms.Strzelecki: what noob?
(06:28 / All) FriendlyTyler: lol teal
(06:54 / All) FriendlyTyler: LOL
(14:16 / All) Ms.Strzelecki: stop
(14:18 / All) Ms.Strzelecki: you need to play better
(14:35 / All) Ms.Strzelecki: PINK!!!
(14:36 / All) Ms.Strzelecki: I TOLD YOU
(15:04 / All) Ms.Strzelecki: emperor
(15:07 / All) Ms.Strzelecki: didn't you listen?
(15:10 / All) FriendlyTyler: pink, lol
(15:30 / All) FriendlyTyler: rire
(15:31 / All) FriendlyTyler: skrattar
(17:38 / All) Ms.Strzelecki: Bad attack froggiews
(18:35 / All) Ms.Strzelecki: no pink
(18:37 / All) Ms.Strzelecki: don't try it please
(19:29 / All) FriendlyTyler: lol
(20:14 / All) Ms.Strzelecki: Pink
(20:15 / All) Ms.Strzelecki: stop
(20:26 / All) Ms.Strzelecki: I've told you many times now
(21:37 / All) The.EmperoR: faut ce bouger, il expand
(21:53 / All) BetUWishUNoSrch: ham bouger pizza
(23:27 / All) Ms.Strzelecki: Orc
(23:27 / All) Ms.Strzelecki: Bad micro
(23:29 / All) Ms.Strzelecki: do you agree?
(24:27 / All) Ms.Strzelecki: watch out orrc
(24:47 / All) Ms.Strzelecki: WATCH OUT!!
(25:16 / All) FriendlyTyler: quit
(25:19 / All) FriendlyTyler: francefilth
(25:44 / All) Ms.Strzelecki: free kills thanks pink
(25:48 / All) Ms.Strzelecki: big noob emperor
(27:39 / All) The.EmperoR: je chim
(27:43 / All) FriendlyTyler: lol!
(27:48 / All) FriendlyTyler: je batte
(27:51 / All) The.EmperoR: mass
(27:53 / All) FriendlyTyler: masse
(28:32 / All) The.EmperoR: qi veut or ??
(28:38 / All) The.EmperoR: je veux bien bois moi
(28:43 / All) The.EmperoR: lol
(28:48 / All) The.EmperoR: je renger
(28:58 / All) The.EmperoR: je mange des pizza
(29:02 / All) The.EmperoR: je bear
(29:04 / All) FriendlyTyler: non
(29:06 / All) FriendlyTyler: je bear
(29:06 / All) The.EmperoR: je hyppo
(29:13 / All) The.EmperoR: non, je bear
(29:16 / All) The.EmperoR: je balist
(34:39 / All) Ms.Strzelecki: bad idea boyus
(35:54 / All) Ms.Strzelecki: I think
(35:56 / All) Ms.Strzelecki: we won that fight
(35:57 / All) Ms.Strzelecki: agree?
(36:15 / All) FriendlyTyler: we can leave if you want
(36:17 / All) FriendlyTyler: want us to leave?
(36:30 / All) FriendlyTyler: voulez-vous nous quitter?
(36:33 / All) NeoMatthieu: you can if you want your pizza hot
(36:41 / All) Ms.Strzelecki: i've been eating it
(36:42 / All) BetUWishUNoSrch: i want my pizza hot..............dog
(36:42 / All) Ms.Strzelecki: all game
(36:46 / All) FriendlyTyler: the low cost of $3 USD will purchase our sortie
(40:46 / All) FriendlyTyler: good stomp
(40:50 / All) FriendlyTyler: your first stomp?
(41:43 / All) NeoMatthieu: go now
(41:44 / All) NeoMatthieu: all
(41:48 / All) FriendlyTyler: ok
(42:08 / All) FriendlyTyler: lol
(42:43 / All) Ms.Strzelecki: your tanks
(42:44 / All) Ms.Strzelecki: will die
(42:45 / All) Ms.Strzelecki: you die
(42:46 / All) Ms.Strzelecki: understand?
(43:20 / All) Ms.Strzelecki: i told you
(44:12 / All) Ms.Strzelecki: you killed 5 towers.
(44:22 / All) The.EmperoR: fu ?
(44:42 / All) FriendlyTyler: dryads not immune to crits, lol
(44:48 / All) The.EmperoR: fu$
(45:37 / All) BetUWishUNoSrch: fukkyn bitch
(45:38 / All) FriendlyTyler: fukkyn bytch
(47:06 / All) FriendlyTyler: good stomp
(47:07 / All) FriendlyTyler: your second stomp
(47:17 / All) The.EmperoR: fu$
(47:19 / All) FriendlyTyler: good stomp
(47:20 / All) FriendlyTyler: your third stomp
(47:23 / All) The.EmperoR: fu
(47:40 / All) FriendlyTyler: lol!
(48:47 / All) Ms.Strzelecki: how are tanks working out for you so far
(48:47 / All) Ms.Strzelecki: teal
(48:52 / All) The.EmperoR: fu
(49:02 / All) Ms.Strzelecki: we're the best yes?
(49:10 / All) Ms.Strzelecki: more skills than u lol...
(49:16 / All) The.EmperoR: yes but
(49:18 / All) The.EmperoR: fu
(49:25 / All) FriendlyTyler:
(50:57 / All) Ms.Strzelecki: gg?
(50:59 / All) FriendlyTyler: goodbye
(51:01 / All) FriendlyTyler: thanks for playing
(51:06 / All) FriendlyTyler: http://highper.ch/
(57:40 / All) FriendlyTyler: this is how you do it
(57:46 / All) Ms.Strzelecki: killing towers
(57:48 / All) Ms.Strzelecki: Is so easy
(65:03 / All) BetUWishUNoSrch: sloppy creeping boys
(65:13 / All) FriendlyTyler: clan towa #1
(65:15 / All) FriendlyTyler: usa #1
(67:26 / All) FriendlyTyler: pp, lol